Cogmind - Beta 14 @@@ ROGUE MODE // 2024.09.05 @ 23:45:52 Player: Buttons Result: Destroyed by Autobeam Turret with Autobeam Performance ------------- Evolutions (0) 0 Regions Visited (2) 400 Robots Destroyed (20) 100 Value Destroyed (476) 476 Prototype IDs (0) 0 Alien Tech Used (0) 0 Bonus (0) 0 TOTAL SCORE: 976 Bonus ------- None Cogmind --------- Core Integrity 0/250 Matter 265/300 Energy 188/250 System Corruption 0% Temperature Cool (12) Movement Walking (470) Ox5 Location -10/Subcaves Parts ------- > --- POWER (1) -------- Ion Engine > --- PROPULSION (2) --- Aluminum Leg > --- UTILITY (2) ------ High-capacity Storage Unit > --- WEAPON (2) ------- Beam Rifle Grenade Launcher > --- INVENTORY (20) --- Light Ion Engine Aluminum Leg Aluminum Leg Aluminum Leg Aluminum Leg Structural Scanner Structural Scanner Sensor Array Terrain Scanner Seismic Detector ECM Suite EM Pulse Gun Medium Laser Small Laser Grenade Launcher Mining Claw Peak State ------------ > --- POWER ------------ Light Ion Engine > --- PROPULSION ------- Aluminum Leg Aluminum Leg > --- UTILITY ---------- High-capacity Storage Unit Improved Terrain Scanner > --- WEAPON ----------- Beam Rifle Beam Rifle > --- INVENTORY -------- Light Ion Engine Aluminum Leg Aluminum Leg Aluminum Leg Aluminum Leg Aluminum Leg Aluminum Leg Structural Scanner Structural Scanner Sensor Array Terrain Scanner Seismic Detector ECM Suite EM Pulse Gun Medium Laser Medium Laser Small Laser Grenade Launcher Grenade Launcher Mining Claw [Rating: 13] Favorites ----------- Power Light Ion Engine Engine Light Ion Engine Propulsion Aluminum Leg Leg Aluminum Leg Wheel Wheel Utility Improved Terrain Scanner Device Improved Terrain Scanner Storage High-capacity Storage Unit Weapon Beam Rifle Energy Gun Beam Rifle Energy Cannon Beam Cannon Launcher Grenade Launcher Slashing Weapon Mining Claw Build | -11 -10 -10 ------- Run | Yrd Mat Sub Slots Evolved . | . . . Power . | . . . Propulsion . | . . . Utility . | . . . Weapon . | . . . Parts Attached 31 | 10 18 3 Power 4 | 2 1 1 Engine 4 | 2 1 1 Core . | . . . Reactor . | . . . Propulsion 10 | 4 6 . Treads . | . . . Leg 6 | 2 4 . Wheel 4 | 2 2 . Hover . | . . . Flight . | . . . Utility 3 | 2 1 . Device 2 | 2 . . Storage 1 | . 1 . Processor . | . . . Hackware . | . . . Protection . | . . . Artifact . | . . . Weapon 14 | 2 10 2 Energy Gun 9 | 2 6 1 Energy Cannon 2 | . 2 . Ballistic Gun . | . . . Ballistic Cannon . | . . . Launcher 2 | . 1 1 Special Weapon . | . . . Impact Weapon . | . . . Slashing Weapon 1 | . 1 . Piercing Weapon . | . . . Special Melee Weapon . | . . . Unidentified Prototypes . | . . . Parts Lost 5 | . . 5 Power 1 | . . 1 Propulsion 1 | . . 1 Utility 1 | . . 1 Weapon 2 | . . 2 Highest Loss Streak 5 | . . 5 To Critical Strikes . | . . . Average Slot Usage (%) 99 | . 99 82 Engine 13 | . 14 11 Leg 21 | . 21 22 Wheel 6 | . 6 . Device 17 | . 17 8 Storage 10 | . 10 14 Energy Gun 26 | . 26 25 Peak Build Rating 13 | 9 13 12 Average Rating 10 | 4 11 9 On Entrance 7 | . 9 12 Naked Turns . | . . . Heaviest Build 51 | 8 50 51 Greatest Support 20 | 20 20 20 Greatest Overweight (x) 5 | . 2 5 Average Overweight (x) 1 | . 1 2 Largest Inventory Capacity 20 | 5 20 20 Average Capacity 15 | 5 16 20 Most Carried 20 | 5 20 19 Average Carried 10 | 3 10 18 Final Capacity 20 | 5 20 20 Final Carried 19 | 5 19 16 Class Distribution -------------------- 75% | Scavenger-Mutant 24% | Mutant Dominant Class ---------------- Scavenger-Mutant | -10/Materials Scavenger-Mutant | -10/Subcaves Resources | -11 -10 -10 ----------- Run | Yrd Mat Sub Matter Collected 560 | 300 260 . Remotely . | . . . Salvage Created 586 | 129 435 22 Parts 45 | 11 30 4 Haulers Intercepted 1 | . 1 . Recyclers Shooed 1 | . 1 . Parts Field Recycled . | . . . Retrieved Matter . | . . . Parts Self-Destructed . | . . . Prevented . | . . . Kills | -11 -10 -10 ------- Run | Yrd Mat Sub Combat Hostiles Destroyed 14 | 1 12 1 Guns 7 | . 6 1 AOE 6 | . 6 . Classes Destroyed 7 | 3 3 1 Worker 1 | 1 . . Tunneler 3 | 3 . . Hauler 1 | . 1 . Watcher 1 | . 1 . Swarmer 3 | . 3 . Grunt 10 | 1 9 . Subdweller 1 | . . 1 Best Kill Streak 7 | 2 7 1 Combat Bots Only 7 | 1 7 1 Max Kills in Single Turn 3 | 1 3 1 Gunslinging 1 | . 1 . Exploded 3 | . 3 . Melee . | . . . Uniques/NPCs Destroyed . | . . . Combat | -11 -10 -10 -------- Run | Yrd Mat Sub Hostile Shots Fired 81 | 7 26 48 Missed 29 | 1 11 17 Damage Taken 872 | 64 156 652 Core 252 | 11 36 205 Absorbed by Shields . | . . . Core Remaining (%) 95 | 95 . . Volleys Fired 55 | 12 35 8 Largest 2 | 2 2 2 Hottest 112 | 90 112 112 Shots Fired 99 | 24 62 13 Gun 89 | 24 54 11 Cannon . | . . . Launcher 10 | . 8 2 Special . | . . . Kinetic . | . . . Thermal 89 | 24 54 11 Explosive 10 | . 8 2 Electromagnetic . | . . . Robot Hit Streak 12 | 12 6 9 Robot Miss Streak 6 | 1 6 3 Penetration Max . | . . . Secondary Targets 2 | . 1 1 Max Gunslinging Chain 1 | . 1 1 Shots Hit Robots 52 | 19 24 9 Core Hits 27 | 5 19 3 Critical Kills . | . . . Critical Parts Destroyed . | . . . Critical Strikes 5 | 1 2 2 Burn 5 | 1 2 2 Melee Attacks 1 | . 1 . Impact . | . . . Slashing 1 | . 1 . Piercing . | . . . Sneak Attacks . | . . . Combat Hostiles . | . . . Follow-up Attacks . | . . . Damage Inflicted 1180 | 226 727 227 Guns 754 | 226 384 144 Cannons . | . . . Explosions 426 | . 343 83 Melee . | . . . Ramming . | . . . Kinetic . | . . . Thermal 754 | 226 384 144 Explosive 426 | . 343 83 Electromagnetic . | . . . Impact . | . . . Slashing . | . . . Piercing . | . . . Highest Corruption . | . . . Average Corruption . | . . . Corruption Purged . | . . . Corruption Blocked . | . . . Overload Shots . | . . . Overflow Damage . | . . . Projectiles . | . . . Explosions . | . . . Melee . | . . . Knockbacks . | . . . Impact . | . . . Kinetic . | . . . Secondary . | . . . Self-Inflicted Damage 18 | . . 18 Shots 1 | . . 1 Rammed . | . . . Targets Rammed . | . . . Kicked . | . . . Crushed . | . . . Highest Temperature 330 | 216 330 272 Average Temperature 89 | 89 86 114 Received Heat Transfer 518 | 36 63 419 Effects 1 | . 1 . Shutdowns 1 | . 1 . Siege Activations . | . . . Robots Corrupted . | . . . Combat Hostiles . | . . . Parts Fried . | . . . Impact Corruptions . | . . . Robots Melted 1 | 1 . . Combat Hostiles 1 | 1 . . Parts Melted 4 | 3 1 . Heat Transferred 2297 | 669 1110 518 Parts Sabotaged . | . . . Parts Stolen . | . . . Parts Stripped . | . . . Power Chain Reactions . | . . . Alert | -11 -10 -10 ------- Run | Yrd Mat Sub Peak Influence 351 | 40 351 . Initial 26 | . 26 . Average 85 | 15 93 . Maximum Alert Level 1 | . 1 . Low Security (%) 90 | 100 89 . Level 1 9 | . 10 . Level 2 . | . . . Level 3 . | . . . Level 4 . | . . . Level 5 . | . . . High Security . | . . . Max Security . | . . . Squads Dispatched 2 | . 2 . Investigation 2 | . 2 . Extermination . | . . . Reinforcement . | . . . Assault . | . . . Garrison . | . . . Intercept . | . . . Searches Triggered . | . . . Construction Impeded . | . . . Haulers Reinforced . | . . . Active Scanning Responses . | . . . Cargo Convoy Interrupts . | . . . Stealth | -11 -10 -10 --------- Run | Yrd Mat Sub Distress Signals 1 | . 1 . Communications Jammed . | . . . Distress Signals . | . . . Times Spotted 30 | 1 20 9 Peak Tracking Total 7 | 1 7 4 Tactical Retreats 1 | . 1 . Traps | -11 -10 -10 ------- Run | Yrd Mat Sub Traps Triggered 3 | . 3 . Indirectly . | . . . Trap Hack Attempts . | . . . Triggered . | . . . Disarmed . | . . . Reprogrammed . | . . . Reused . | . . . Traps Extracted . | . . . Installed . | . . . Triggered . | . . . Machines | -11 -10 -10 ---------- Run | Yrd Mat Sub Machines Disabled 1 | . . 1 Max in Single Turn 1 | . . 1 Machines Repaired . | . . . Machines Dismantled . | . . . Machines Sabotaged . | . . . Overloaded Fab Kills . | . . . Hacking | -11 -10 -10 --------- Run | Yrd Mat Sub Machines Accessed 9 | . 9 . Terminals 8 | . 8 . Fabricators . | . . . Repair Stations . | . . . Recycling Units 1 | . 1 . Scanalyzers . | . . . Garrison Access . | . . . Total Hacks 30 | . 30 . Successful 15 | . 15 . Failed 15 | . 15 . Catastrophic 2 | . 2 . Database Lockouts . | . . . Manual 23 | . 23 . Terminals 28 | . 28 . Fabricators . | . . . Repair Stations . | . . . Recycling Units 2 | . 2 . Scanalyzers . | . . . Garrison Access . | . . . Terminal Hacks 6 | . 6 . Robot Analysis 3 | . 3 . Branch Access Points 1 | . 1 . Terminal Index 1 | . 1 . Zone Layout 1 | . 1 . Fabricator Hacks . | . . . Repair Station Hacks . | . . . Recycling Unit Hacks 2 | . 2 . Report Inventory 1 | . 1 . Retrieve Components 1 | . 1 . Scanalyzer . | . . . Garrison Access Hacks . | . . . Unauthorized Hacks 7 | . 7 . Terminals 7 | . 7 . Botnet 5 | . 5 . Skim 2 | . 2 . Fabricators . | . . . Repair Stations . | . . . Recycling Units . | . . . Scanalyzers . | . . . Garrison Access . | . . . Data Cores Recovered . | . . . Used . | . . . Hacking Detections 8 | . 8 . Full Trace Events . | . . . Feedback Events . | . . . Feedback Blocked . | . . . Robot Schematics Acquired . | . . . Robots Built . | . . . Authchips . | . . . Time . | . . . Total Robot Build Rating . | . . . Part Schematics Acquired . | . . . Parts Built . | . . . Authchips . | . . . Time . | . . . Total Part Build Rating . | . . . Parts Repaired . | . . . Time . | . . . Parts Recycled . | . . . Recycled Matter . | . . . Retrieved Matter . | . . . Retrieved Components 4 | . 4 . Parts Scanalyzed . | . . . Part Schematics Acquired . | . . . Parts Damaged . | . . . Bothacking | -11 -10 -10 ------------ Run | Yrd Mat Sub Used RIF Installer . | . . . Robots Hacked . | . . . Non-combat . | . . . Combat . | . . . Robot Hacks Applied . | . . . Relay Couplers Released . | . . . Fabnet Peak Effective % . | . . . Robots Rewired . | . . . Allies Hacked . | . . . Hacks Repelled . | . . . Allies | -11 -10 -10 -------- Run | Yrd Mat Sub Total Allies . | . . . Largest Group . | . . . Highest-Rated Group . | . . . Highest-Rated Ally . | . . . Total Orders . | . . . Ally Attacks . | . . . Total Damage . | . . . Kills . | . . . Allies Corrupted . | . . . Allies Melted . | . . . Intel | -11 -10 -10 ------- Run | Yrd Mat Sub Robot Analysis Total 3 | . 3 . Derelict Logs Recovered . | . . . Drone Launches . | . . . Drone Recoveries . | . . . Exploration | -11 -10 -10 ------------- Run | Yrd Mat Sub Turns Passed 1853 | 178 1630 45 Spaces Moved 896 | 121 768 7 Core 17 | 17 . . Treads . | . . . Legs 555 | 70 478 7 Wheels 324 | 34 290 . Hover . | . . . Flight . | . . . Fastest Speed 50 | 50 80 260 Average Speed 176 | 98 187 310 Slowest Speed 470 | 120 260 470 Overloaded Moves . | . . . Propulsion Burnouts . | . . . Robots Hopped . | . . . Cave-ins Triggered . | . . . Exploration Rate (%) 35 | 6 96 3 Regions Visited 2 Branch Regions 1 Pre-discovered Areas . | . . . Known Exits Taken . | . . . Unknown Exits Taken 2 | 1 1 . Scrap Searched . | . . . Spaces Dug 1 | . 1 . Terrain Destroyed 39 | . 30 9 Melee 1 | . 1 . Projectile . | . . . AOE 38 | . 29 9 Terrain Rammed . | . . . Walls Destroyed . | . . . Machines Disabled . | . . . Actions | -11 -10 -10 --------- Run | Yrd Mat Sub Total 1067 | 152 897 18 Wait 38 | . 38 . Move 894 | 120 767 7 Hop . | . . . Pick Up 29 | 7 22 . Fast Attach 15 | 7 8 . Attach 6 | 2 1 3 Detach . | . . . Swap 10 | 1 9 . Drop 19 | 3 16 . Fire 55 | 12 35 8 Melee 1 | . 1 . Ram . | . . . Kick . | . . . Crush . | . . . Escape Stasis . | . . . Rewire . | . . . Trap . | . . . Miscellaneous . | . . . Route ------- -11/Scrapyard -10/Materials (discovered 5 exits: [*Mat x3] / *Min / [*Sub]) -10/Subcaves (discovered 1 exit: [*Rec]) History --------- Turn | Location | Event 2 | -11/Scrapyard | Met Revision 17 75 | -11/Scrapyard | Discovered new exit (range 8) 179 | -11/Scrapyard | Entered Materials 203 | -10/Materials | Identified exit to Mines 301 | -10/Materials | Build established: Mutant 451 | -10/Materials | Discovered new exit (range 13) 536 | -10/Materials | Destroyed 7 combat bots 565 | -10/Materials | Discovered new exit (range 14) 761 | -10/Materials | Build established: Scavenger-Mutant 1357 | -10/Materials | Discovered new exit (range 14) 1778 | -10/Materials | Discovered new exit (range 12) 1809 | -10/Materials | Entered Subcaves 1821 | -10/Subcaves | Ambushed by Subdwellers from Twisted Machinery 1839 | -10/Subcaves | Core integrity fell below 50% 1848 | -10/Subcaves | Discovered new exit (range 7) 1851 | -10/Subcaves | Core integrity fell below 20% 1854 | -10/Subcaves | Destroyed by Autobeam Turret with Autobeam Last Messages --------------- Machinery. 01825_ 7I-2MA(R) suffers critical hit (Burn). 01826_ Critical hit (Meltdown: +260). 01827_ Lgt. Ion Engine destroyed. 01828_ 7I-2MA(R) suffers critical hit (Burn). 01830_ Aluminum Leg destroyed. 01832_ Imp. Terrain Scanner destroyed. 01834_ Beam Rifle destroyed. 01838_ L7-JS5(R) destroyed. 01844_ 2D-3CY(R) destroyed. 01844_ Switching to secondary target: 7I-2MA(R). 01845_ Subatomizers dissect the Sub. Power Source. 01848_ EXIT=FOUND 01848_ Machine disabled. 01849_ S-10 Pest springs to life. 01850_ Med. Laser destroyed. 01850_ S-10 Pest destroyed. 01850_ 7I-2MA(R) destroyed. 01850_ Machine disabled. Map ----- +----------------------------------------------------+ | ?????????????????????????????????????????????????? | | ?????????????????????????????????????????????????? | | ?????????????????????????????????????????????????? | | ?????????????????????????????????????????????????? | | ?????????????????????????????????????????????????? | | ?????????????????????????????????????????????????? | | ?????????????????????????????????????????????????? | | ?????????????????????????????????????????????????? | | ?????????????????????????????????????????????????? | | ?????????????????????????????????????????????????? | | ?????????????????????????????????????????????????? | | ?????????????????????????????????????????????????? | | ?????????????????????????????????????????????????? | | ?????????????????????????????????????????????????? | | ?????????????????????????#######?????????????????? | | ?????????????????????????""" "#?????????????????? | | ???????????????????????##" ss #?????????????????? | | ???????????????????????# #####?????????????? | | ???????????????????????# t ??????????????? | | ?????????????????????#? < #???????????????? | | ?????????????????????### t ????????????????? | | ????????????????????## #?????????????????? | | ???????????????????## #??? ?????????????? | | ???????????????????# #?????? ??????????? | | ????????????????????# ;#??? ??????????????? | | ???????????????????## @[ ##?????????????????? | | ??????????????????## ]% # #?????????????? | | ??????????????????# ! " ????????????? | | ??????????????????# % " #??????????? | | ??????????????????# ### ??????????? | | ??????????????????# ###????## ??????????? | | ?????????????????# ; ;##????????????????????? | | ????????????????#;;;;[ ?????????????????????? | | ????????????????#; *%& ?????????????????????? | | ????????????????#; && ????????????????????? | | ????????????????#; #????????????????????? | | ????????????????# ;# #????????????????????? | | ????????????#??? #? ????????????????????? | | ??????????????? ##? ???????????????????? | | ??????????????? ##???## ??????????????????? | | ?????????????????# #?#???? ??????????????????? | | ?????????????????# ????????????????????????????? | | ??????????????????? ????????????????????????????? | | ?????????????????????????????????????????????????? | | ?????????????????????????????????????????????????? | | ?????????????????????????????????????????????????? | | ?????????????????????????????????????????????????? | | ?????????????????????????????????????????????????? | | ?????????????????????????????????????????????????? | | ?????????????????????????????????????????????????? | +----------------------------------------------------+ Best States ------------- Heat Dissipation 25 Energy Generation 10 Energy Capacity 250 Matter Stores 300 Matter Capacity 300 Sight Range 16 Terrain Scan Range 16 Terrain Scan Density 10 Evasion (%) 55 Item Schematics ----------------- None Robot Schematics ------------------ None Fabricated ------------ Nothing Alien Tech Used ----------------- None Achievements -------------- It's Just You Challenges ------------ None Game ------ Seed DerelictStorageMinigun Manual? 0 Play Time 00:23:58 Cumulative 7.2 hours Start 2024.09.05 @ 23:22:04 End 2024.09.05 @ 23:45:52 Sessions 1 Manual Loads 0 Difficulty Rogue Special Mode None Game No. 3 Rogue 3 Adventurer 0 Explorer 0 Win Type - Total 1 Types 1/0/0/0/0/0/0/0/0 Lore% 6 Gallery% 7 Achievement% 14 Wizard Run 0 Options --------- Layout 2 ASCII 0 Keyboard 0 Movement Vi Keybinds 0 Fullscreen 1 Font 18/SmallcapsGlow Map View 50x49 Zoom Use 0% Tactical HUD 1 Map Filters NONE Filters NONE Steam 0 RUN: 78a8913e-0449-4aad-9d6c-8b0b5d42dca2